Map: [ESL] Crimson Court

Players

SKillous

  • Race: Protoss Protoss
  • Spawn Location: 7:00

Spatz - Winner!

  • Race: Protoss Protoss
  • Spawn Location: 1:00

Event: ESL SC2 Masters 2024 Spring (Regional)

VOD

Have the link to the VOD?

Description

Time

  • Played on: April 11, 2024, 9:49 a.m.
  • Length: 8:05

All games in this series

Show
View Real Time Build Order
Export as new Build Order

SKillous Protoss 

Build Orders:  

Get SALT Encoding   

  12  0:00  Probe  
  13  0:12  Probe  
  14  0:17  Pylon  
  14  0:24  Probe  
  15  0:35  Gateway  
  15  0:36  Probe (Chrono Boost)  
  16  0:42  Assimilator  
  16  0:46  Probe (Chrono Boost)  
  17  0:51  Assimilator  
  17  0:55  Probe (Chrono Boost)  
  18  1:07  Probe (Chrono Boost)  
  19  1:13  Gateway  
  19  1:14  Probe (Chrono Boost)  
  20  1:21  Probe  
  21  1:28  Cybernetics Core  
  21  1:33  Probe  
  22  1:40  Pylon  
  22  1:45  Probe  
  23  1:58  Probe  
  24  2:05  Warp Gate, Stalker x2  
  28  2:11  Pylon  
  28  2:31  Probe  
  28  2:35  Stalker x2  
  32  2:46  Probe  
  33  2:58  Probe  
  34  3:10  Sentry, Probe  
  34  3:11  Nexus  
  37  3:14  Pylon  
  37  3:31  Probe  
  36  3:43  Probe  
  36  3:45  Twilight Council  
  37  3:52  Stalker  
  37  3:53  Stalker  
  37  3:55  Probe  
  42  3:57  Shield Battery  
  42  4:02  Robotics Facility  
  42  4:07  Probe  
  43  4:15  Blink (Chrono Boost)  
  43  4:19  Probe  
  43  4:23  Probe  
  45  4:31  Stalker, Probe  
  47  4:32  Stalker  
  47  4:35  Probe  
  51  4:44  Probe  
  52  4:48  Probe  
  52  4:52  Warp Prism (Chrono Boost)  
  53  4:56  Probe  
  56  5:00  Probe  
  55  5:08  Probe  
  55  5:11  Pylon  
  55  5:12  Probe  
  55  5:13  Sentry x2  
  61  5:14  Assimilator  
  61  5:15  Pylon  
  61  5:16  Assimilator  
  61  5:20  Probe  
  62  5:28  Gateway  
  62  5:29  Probe  
  62  5:30  Gateway  
  62  5:33  Probe  
  64  5:41  Probe  
  65  5:44  Robotics Bay  
  65  5:46  Stalker x2  
  69  5:53  Probe x2  
  69  5:55  Pylon  
  71  6:06  Immortal (Chrono Boost)  
  73  6:11  Shield Battery  
  73  6:12  Pylon  
  73  6:31  Stalker x4  
  81  6:35  Disruptor (Chrono Boost)  
  81  6:38  Pylon  
  85  6:41  Shield Battery  
  85  6:42  Pylon  
  79  7:04  Stalker x4  
  83  7:13  Disruptor (Chrono Boost)  
  81  7:27  Stalker  
  81  7:28  Stalker x3  
  77  7:49  Probe  
  77  7:50  Probe  
  61  7:52  Stalker x4  
Show
View Real Time Build Order
Export as new Build Order

Spatz Protoss - Winner!

Build Orders:  

Get SALT Encoding   

  12  0:01  Probe  
  13  0:13  Probe  
  14  0:19  Pylon  
  14  0:25  Probe (Chrono Boost)  
  15  0:37  Probe (Chrono Boost)  
  15  0:40  Gateway  
  16  0:45  Probe (Chrono Boost)  
  17  0:50  Assimilator  
  17  0:52  Probe  
  18  1:00  Assimilator  
  19  1:04  Probe (Chrono Boost)  
  19  1:13  Gateway  
  19  1:17  Probe (Chrono Boost)  
  20  1:22  Probe (Chrono Boost)  
  21  1:28  Cybernetics Core  
  21  1:32  Probe  
  22  1:41  Pylon  
  22  1:44  Probe  
  23  1:59  Probe  
  24  2:03  Warp Gate (Chrono Boost)  
  24  2:04  Adept x2  
  28  2:11  Probe  
  28  2:15  Pylon  
  29  2:24  Shield Battery  
  29  2:34  Adept x2  
  32  2:56  Nexus  
  32  3:04  Adept  
  34  3:07  Adept  
  36  3:17  Probe  
  37  3:20  Robotics Facility  
  37  3:24  Pylon  
  37  3:31  Probe  
  34  3:42  Shield Battery  
  34  3:43  Probe  
  34  3:47  Stalker  
  37  3:49  Sentry  
  37  3:55  Probe  
  40  4:07  Probe  
  41  4:10  Probe  
  41  4:12  Immortal (Chrono Boost)  
  46  4:18  Phoenix  
  46  4:19  Probe  
  46  4:22  Probe  
  48  4:26  Twilight Council  
  46  4:33  Sentry, Probe  
  46  4:34  Sentry  
  46  4:35  Probe  
  52  4:45  Immortal (Chrono Boost), Probe  
  53  4:50  Probe  
  58  4:57  Probe  
  58  4:58  Pylon  
  57  5:02  Blink (Chrono Boost), Probe  
  56  5:09  Probe  
  56  5:11  Assimilator  
  55  5:14  Probe  
  55  5:19  Warp Prism  
  58  5:21  Probe  
  58  5:28  Probe  
  60  5:29  Gateway  
  60  5:33  Gateway  
  60  5:38  Sentry  
  60  5:39  Stalker  
  64  5:43  Pylon  
  64  5:55  Pylon  
  64  6:01  Stalker  
  64  6:03  Stalker  
  68  6:07  Pylon  
  68  6:09  Immortal (Chrono Boost)  
  68  6:14  Gateway  
  72  6:24  Stalker  
  72  6:25  Stalker  
  72  6:26  Stalker  
  72  6:27  Probe  
  78  6:36  Pylon  
  78  6:40  Gateway  
  76  6:50  Stalker x3  
  73  6:56  Stalker  
  67  7:01  Probe  
  66  7:12  Stalker  
  66  7:13  Stalker  
  66  7:14  Sentry  
  66  7:32  Stalker x2  
  70  7:39  Stalker x2  
  68  7:52  Stalker x2  
Tags
 
Add a new tag
Caveats
  • Supply blocks, unpowered buildings, or Contaminate may cause inaccurate times.
  • Supply counts are checked every 10 seconds.